AoeStats
← Ohvo_MTY14

Arena

505811613Analyzed
4v4 RM · 21d ago on Sep 11, 2026· 44m 17s· 8 players
Game mode
Random Map
Map size
Large (8 player)
Population
200
Speed
Normal
Resources
Standard
Victory
Conquest
Starting age
Dark Age
Ending age
Imperial Age
RankedLock teamsTeams togetherTeam positionsShared explorationLock speedFull tech treeHidden civsTurbo modeCheats
Victory
Defeat
1109
+9
1026
+12
🇨🇳 Goths · China
1025
+12
🇺🇸 Gurjaras · United States
985
+15
🇳🇿 Slavs · New Zealand
979
-13
🇹🇷 Franks · Türkiye
970
-13
🇮🇳 Hindustanis · India
968
-13
🇲🇽 Khmer · Mexico
870
-9
LetRapier1966
0:36 Loom
11:26 Feudal Age
12:50 Wheelbarrow
12:04 Double-Bit Axe
12:01 Horse Collar
19:35 Castle Age
18:14 Stone Mining
20:33 Hand Cart
20:58 Bloodlines
21:35 Scale Barding Armor
22:11 Forging
23:47 Gold Mining
25:09 Bow Saw
25:03 Heavy Plow
25:41 Gold Shaft Mining
25:42 Stone Shaft Mining
32:01 Imperial Age
30:31 Grand Trunk Road
32:25 Scale Mail Armor
33:01 Iron Casting
32:32 Squires
32:19 Arson
33:25 Chain Mail Armor
34:36 Conscription
35:32 Blast Furnace
34:27 Elite Ghulam
Hidalgo
10:38 Feudal Age
16:08 Castle Age
14:00 Double-Bit Axe
16:33 Stone Mining
18:16 Gold Mining
22:37 Fletching
28:01 Imperial Age
24:58 Pikeman
27:06 Gold Shaft Mining
27:42 Bow Saw
27:35 Scale Mail Armor
27:46 Forging
29:42 Chemistry
30:03 Squires
29:48 Arson
30:56 Fortified Wall
32:01 Ballistics
33:08 Halberdier
33:11 Elite Skirmisher
Ohvo_MTY14
7:50 Loom
11:00 Feudal Age
11:57 Double-Bit Axe
13:04 Horse Collar
19:21 Castle Age
17:33 Gold Mining
20:42 Bloodlines
20:41 Town Watch
25:51 Heavy Plow
27:18 Forging
27:17 Scale Barding Armor
29:26 Husbandry
30:54 Forging
31:55 Town Patrol
34:13 Ballistics
33:48 Fletching
Wrecking Ball Paul
12:04 Feudal Age
16:11 Castle Age
14:27 Double-Bit Axe
14:29 Horse Collar
14:43 Man-at-Arms
16:13 Man-at-Arms
16:54 Squires
23:24 Pikeman
30:12 Imperial Age
27:29 Loom
28:23 Wheelbarrow
27:34 Town Watch
31:03 Bow Saw
31:39 Detinets
32:53 Two-Man Saw
32:12 Stone Mining
32:13 Gold Mining
33:37 Druzhina
33:14 Long Swordsman
37:31 Elite Boyar
40:24 Hand Cart
40:52 Scale Mail Armor
41:02 Forging
40:43 Fletching
40:58 Scale Barding Armor
41:27 Husbandry
41:38 Bloodlines
41:59 Block Printing
42:09 Sanctity
41:17 Light Cavalry
43:07 Iron Casting
42:52 Chain Mail Armor
エドワフラン・スカー
10:55 Feudal Age
14:29 Castle Age
13:30 Double-Bit Axe
13:26 Horse Collar
15:38 Bow Saw
16:25 Heavy Plow
21:04 Wheelbarrow
22:07 Hand Cart
24:23 Gold Mining
24:24 Stone Mining
25:57 Fervor
26:26 Gold Shaft Mining
29:47 Imperial Age
27:53 Forging
27:34 Fletching
27:44 Padded Archer Armor
27:50 Scale Barding Armor
28:09 Loom
29:28 Iron Casting
28:35 Treadmill Crane
29:16 Ballistics
29:06 Masonry
30:25 Leather Archer Armor
30:05 Bodkin Arrow
31:41 Two-Man Saw
31:02 Chain Barding Armor
31:43 Blast Furnace
30:55 Guilds
31:06 Bombard Tower
31:22 Bracer
31:53 Ring Archer Armor
31:56 Coinage
32:12 Conscription
31:52 Artillery
32:08 Bloodlines
31:58 Husbandry
32:48 Plate Barding Armor
33:14 Architecture
34:19 Banking
33:51 Caravan
36:51 Town Watch
38:27 Town Patrol
38:26 Heavy Camel Rider
39:35 Sappers
嗷呜一口吃掉
10:27 Feudal Age
14:13 Castle Age
13:58 Double-Bit Axe
19:46 Horse Collar
24:28 Heavy Plow
24:42 Bow Saw
29:52 Wheelbarrow
32:27 Imperial Age
30:45 Forging
30:35 Scale Mail Armor
31:34 Anarchy
31:48 Gold Mining
32:15 Squires
31:36 Pikeman
32:49 Hand Cart
33:38 Iron Casting
33:19 Chain Mail Armor
34:42 Chemistry
35:18 Perfusion
36:46 Blast Furnace
35:47 Padded Archer Armor
35:18 Halberdier
37:22 Crop Rotation
37:55 Two-Man Saw
43:54 Leather Archer Armor
メルフィー·ラビィ
10:08 Feudal Age
11:12 Double-Bit Axe
13:48 Castle Age
11:44 Horse Collar
15:01 Bow Saw
21:13 Wheelbarrow
22:39 Heavy Plow
24:35 Hand Cart
28:06 Imperial Age
25:31 Fletching
25:34 Loom
26:10 Gold Mining
26:10 Stone Mining
26:30 Padded Archer Armor
26:26 Bodkin Arrow
26:53 Ballistics
27:28 Leather Archer Armor
29:15 Conscription
30:03 Chemistry
30:14 Two-Man Saw
29:49 Crop Rotation
29:37 Bracer
30:07 Ring Archer Armor
31:19 Town Watch
31:59 Bombard Tower
32:11 Elite Genoese Crossbowman
36:01 Pirotechnia
36:44 Thumb Ring
37:34 Treadmill Crane
39:27 Squires
39:12 Arson
39:30 Scale Mail Armor
39:40 Forging
40:04 Coinage
39:45 Guilds
39:35 Caravan
Natsuki Shinohara
10:37 Feudal Age
12:01 Double-Bit Axe
14:24 Castle Age
12:48 Horse Collar
14:47 Loom
15:39 Wheelbarrow
15:37 Bow Saw
15:16 Loom
16:47 Hand Cart
16:51 Town Watch
20:20 Husbandry
26:38 Bloodlines
27:01 Heavy Plow
27:19 Gold Mining
28:36 Forging
28:31 Scale Barding Armor
30:10 Town Patrol
31:15 Gold Shaft Mining
30:31 Stone Mining
33:34 Imperial Age
34:24 Fortified Wall
35:16 Chemistry
34:29 Fortified Wall
35:31 Heavy Camel Rider
37:17 Conscription
39:18 Iron Casting
38:49 Scale Barding Armor
40:04 Crop Rotation
39:45 Kshatriyas
40:24 Frontier Guards
40:38 Treadmill Crane
40:26 Elite Chakram Thrower
41:31 Chain Barding Armor
43:34 Plate Barding Armor
Connection lost

Rejoining the realm…

Still unreachable

The connection could not be restored.

Session expired

The server has moved on; the page needs a fresh start.